 Dungeon Crawl Stone Soup version 0.18.1-8-gdd0e5ea (webtiles) character file.

1851 Wooh the Gouger (level 8, -12/33 HPs)
             Began as a Felid Enchanter on May 24, 2016.
             Was a Believer of Nemelex Xobeh.
             Mangled by a warg (14 damage)
             ... on level 9 of the Dungeon.
             The game lasted 00:39:13 (11197 turns).

Wooh the Gouger (Felid Enchanter)                  Turns: 11197, Time: 00:39:15

Health: -12/33     AC:  2    Str:  6    XL:     8   Next: 88%
Magic:  8/12       EV: 26    Int: 17    God:    Nemelex Xobeh [**....]
Gold:   589        SH:  0    Dex: 18    Spells: 5 memorised, 0 levels left
                                        Lives:  0   Deaths: 3

rFire  . . .     SeeInvis +       - Unarmed
rCold  . . .     Gourm    .     (armour unavailable)
rNeg   . . .     Faith    .     (shield unavailable)
rPois  x         Spirit   .     (helmet unavailable)
rElec  .         Dismiss  .     (cloak unavailable)
rCorr  .         Reflect  .     (gloves unavailable)
SustAt .         Harm     .     (boots unavailable)
MR     +....                    (no amulet)
Stlth  ++........               (no ring)
                                (no ring)

@: poison vulnerable, cleaving, quick, somewhat resistant to hostile
enchantments, unstealthy
A: no armour, no weapons or thrown items, claws 1, fangs 3, see invisible,
carnivore 3, speed 1, shaggy fur 2, slow metabolism 1, sharp paws
a: Renounce Religion


You were on level 9 of the Dungeon.
You worshipped Nemelex Xobeh.
Nemelex Xobeh was pleased with you.
You were not hungry.

You visited 1 branch of the dungeon, and saw 9 of its levels.

You collected 589 gold pieces.

Inventory:

Jewellery
 o - an uncursed ring of magical power {unknown}
 t - a cursed ring of teleportation {unknown}
 w - a cursed ring of loudness {unknown}
Wands
 s - a wand of confusion (40/48)
 x - a wand of lightning (10/15)
 G - a wand of teleportation (2/9)
 H - a wand of lightning (8/15)
Scrolls
 h - 6 scrolls of remove curse
 l - 2 scrolls of fear {unknown}
 m - 2 scrolls of fog {unknown}
 q - 5 scrolls of magic mapping
 r - 3 scrolls of immolation {unknown}
 u - a scroll of teleportation {unknown}
 v - a scroll of enchant weapon {unknown}
 y - 4 scrolls of identify
 C - 3 scrolls of blinking {unknown}
 E - 2 scrolls of enchant armour {unknown}
 F - a scroll of random uselessness {unknown}
Potions
 c - 7 potions of curing
 d - 3 potions of flight
 e - 2 potions of agility {unknown}
 f - 2 potions of might {unknown}
 i - 4 potions of heal wounds {unknown}
 j - a potion of cancellation {unknown}
 p - a potion of brilliance {unknown}
 z - a potion of degeneration {unknown}
 A - 3 potions of haste {unknown}
 D - a potion of mutation {unknown}
 K - a potion of ambrosia {unknown}
Books
 a - a book of Maledictions

   Spells                             Type                      Level
   a - Corona                         Hexes                        1
   b - Ensorcelled Hibernation        Hexes/Ice                    2
   c - Confuse                        Hexes                        3
   d - Tukima's Dance                 Hexes                        3
   e - Dazzling Spray                 Conjuration/Hexes            3
Miscellaneous
 B - a plain deck of destruction {drawn: 4}
 J - a plain deck of war
Comestibles
 b - 7 meat rations
 g - 3 beef jerkies
 n - 3 slices of pizza
 I - 2 chunks of flesh


   Skills:
 - Level 2.0 Fighting
 + Level 10.0 Dodging
 - Level 7.3 Stealth
 - Level 12.0 Unarmed Combat
 - Level 2.0 Spellcasting
 - Level 6.0 Hexes


You couldn't memorise any spells.
You knew the following spells:

 Your Spells              Type           Power        Failure   Level  Hunger
a - Corona                Hex            ###....      1%          1    #......
b - Confuse               Hex            ###.....     6%          3    ###....
c - Ensorcelled Hibernat  Hex/Ice        ##....       10%         2    ###....
d - Tukima's Dance        Hex            ###.....     6%          3    ###....
e - Dazzling Spray        Conj/Hex       ##......     17%         3    ###....


Dungeon Overview and Level Annotations

Branches:
Dungeon (9/15)             Temple (0/1) D:5             Orc (0/2) D:9
   Lair: D:8-11

Altars:
Ashenzari
Gozag
Kikubaaqudgha
Makhleb
Nemelex Xobeh
Okawaru
Qazlal
Ru
Vehumet
Yredelemnul
Zin

Shops:
D:8 (


Innate Abilities, Weirdness & Mutations

You cannot wear armour.
You are incapable of wielding weapons or throwing items.
You have sharp claws.
You have razor-sharp teeth.
You have supernaturally acute eyesight.
You are carnivorous and can eat meat at any time.
You cover ground quickly.
You are covered in thick fur (AC +2).
You have a slow metabolism.
Your sharp claws are effective at attacking unaware monsters.


Message History

You scratch the warg but do no damage. You closely miss the orc.
The orc misses you. The warg completely misses you.
Evoke which item? (* to show all) (? for menu, Esc to quit)
You draw a card...
It is Venom.
You have drawn Venom.
Press: ? - help, Shift-Dir - straight line, f - warg
Aim: a warg The bolt of poison hits the warg.
The warg is poisoned.
The warg is lightly wounded.
Releasing that poison leaves you vulnerable to poison.
The warg misses you. The orc misses you.
Evoke which item? (* to show all) (? for menu, Esc to quit)
You draw a card...
It is Water.
The deck of cards disappears without a trace.
Splash!
You fall into the shallow water.
Moving in this stuff is going to be slow.
The warg bites you!
You die...
Your body disappears without a glow.

#.o #oo.#######..# .# o8
#.8.#.....#..# # ..
#o.)#.....#..# ..#
.#######.##.....#..# ..#
+..#.......)....#..# ..#
#..#............#..# ..#
####..#.........[..#..# ..#
).###o###########h##..# ..#
(%#.#..........E@o....#####..#
.##.#..o.......≈≈≈)..........#
.≈#.#..........###'#####.....#
'##'#..........#>.)....#.....#
....[....(.... #.......###)..#
.............. #.........#...#
..o.......... #.........#...#
............. #.........#...#
............. #####'##..'...#


You could see a warg, an orc and a friendly water elemental.

Vanquished Creatures
  Maurice (D:9)
  A merfolk (D:9)
  The ghost of ThereIsNoGod the Slasher, an amateur DsGl (D:5)
  Sigmund (D:4)
  2 wargs (D:9)
  2 necrophages
  3 ogres
  3 ice beasts
  4 sky beasts
  4 phantoms
  4 centaurs
  2 big kobolds (D:8)
  4 giant frogs (D:6)
  3 wyvern zombies
  A water moccasin zombie (D:7)
  Dowan (D:7)
  A scorpion (D:7)
  5 wights (D:8)
  3 crimson imps
  A jelly (D:9)
  8 hounds
  9 orc priests
  2 centaur skeletons
  3 iguanas
  Terence (D:2)
  3 orc wizards
  6 worker ants
  A hound skeleton (D:4)
  A gnoll (D:4)
  2 howler monkey skeletons
  A river rat (D:5)
  10 adders
  2 shadow imps (D:7)
  An ooze (D:1)
  An adder zombie (D:8)
  3 dart slugs
  2 worms
  5 giant geckos
  21 orcs
  8 bats
  6 giant cockroaches
  5 goblins
  8 hobgoblins
  5 jackals
  5 quokkas
  4 ball pythons
  5 giant newts
  19 kobolds
  A quokka skeleton (D:4)
  12 rats
207 creatures vanquished.

Vanquished Creatures (collateral kills)
  Duvessa (D:7)
  An orc warrior (D:6)
  2 orc wizards (D:6)
4 creatures vanquished.

Grand Total: 211 creatures vanquished

Notes
Turn   | Place    | Note
--------------------------------------------------------------
     0 | D:1      | Wooh the Felid Enchanter began the quest for the Orb.
     0 | D:1      | Reached XP level 1. HP: 7/7 MP: 4/4
   124 | D:1      | Reached skill level 1 in Fighting
   156 | D:1      | Reached XP level 2. HP: 12/12 MP: 6/6
   630 | D:1      | Reached XP level 3. HP: 13/16 MP: 7/7
   661 | D:1      | Reached skill level 2 in Unarmed Combat
   737 | D:1      | Learned a level 3 spell: Confuse
   821 | D:1      | Learned a level 2 spell: Ensorcelled Hibernation
  1305 | D:2      | Reached skill level 5 in Hexes
  1445 | D:2      | Noticed Terence
  1557 | D:2      | Killed Terence
  1557 | D:2      | Reached XP level 4. HP: 15/19 MP: 2/8
  1615 | D:2      | Found a stormy altar of Qazlal.
  2003 | D:2      | Found a burning altar of Makhleb.
  2044 | D:2      | Slain by a hound
  2045 | D:2      | Reached XP level 3. HP: -1/16 MP: 1/7
  2561 | D:2      | Reached skill level 5 in Stealth
  2561 | D:2      | Reached XP level 4. HP: 8/19 MP: 0/8
  3176 | D:3      | Found a shattered altar of Ashenzari.
  3504 | D:4      | Reached XP level 5. HP: 22/22 MP: 9/9
  3791 | D:4      | Noticed Sigmund
  3898 | D:4      | Killed Sigmund
  3898 | D:4      | Reached skill level 4 in Unarmed Combat
  3898 | D:4      | Gained mutation: You are covered in thick fur (AC +2). [Felid growth]
  3898 | D:4      | Reached XP level 6. HP: 17/26 MP: 7/10
  4435 | D:4      | Reached skill level 5 in Unarmed Combat
  4435 | D:4      | Reached XP level 7. HP: 30/30 MP: 4/11
  4500 | D:4      | Found an opulent altar of Gozag.
  4543 | D:4      | Found a sparkling altar of Nemelex Xobeh.
  4574 | D:4      | Became a worshipper of Nemelex Xobeh the Trickster
  4709 | D:5      | Entered Level 5 of the Dungeon
  5105 | D:5      | Reached skill level 6 in Unarmed Combat
  5225 | D:5      | Reached skill level 7 in Unarmed Combat
  5663 | D:5      | Reached XP level 8. HP: 33/33 MP: 12/12
  5823 | D:5      | Noticed ThereIsNoGod's ghost (amateur DsGl)
  5842 | D:5      | Killed ThereIsNoGod's ghost
  5842 | D:5      | Reached skill level 8 in Unarmed Combat
  5910 | D:5      | Found a staircase to the Ecumenical Temple.
  6092 | D:5      | Reached skill level 9 in Unarmed Combat
  6763 | D:6      | Received a gift from Nemelex Xobeh
  6835 | D:6      | Reached skill level 10 in Unarmed Combat
  7360 | D:6      | Reached XP level 9. HP: 36/36 MP: 13/13
  7667 | D:6      | Found a basalt altar of Yredelemnul.
  8284 | D:7      | Reached skill level 11 in Unarmed Combat
  8437 | D:7      | Reached * piety under Nemelex Xobeh
  8465 | D:7      | Found a sacrificial altar of Ru.
  8594 | D:7      | Noticed Duvessa
  8595 | D:7      | Noticed Dowan
  8613 | D:7      | Killed Dowan
  8643 | D:7      | Killed Duvessa
  9088 | D:8      | Received a gift from Nemelex Xobeh
  9181 | D:8      | Reached skill level 12 in Unarmed Combat
  9353 | D:8      | Found Emnum's Weapon Boutique.
  9782 | D:8      | Reached skill level 5 in Dodging
 10119 | D:8      | Received a gift from Nemelex Xobeh
 10149 | D:8      | Learned a level 3 spell: Tukima's Dance
 10223 | D:8      | Learned a level 3 spell: Dazzling Spray
 10319 | D:9      | Reached XP level 10. HP: 40/40 MP: 4/14
 10365 | D:9      | Reached ** piety under Nemelex Xobeh
 10365 | D:9      | Killed from afar by an orc priest
 10366 | D:9      | Reached XP level 9. HP: 0/36 MP: 2/13
 10366 | D:9      | Found an ancient bone altar of Kikubaaqudgha.
 10377 | D:9      | Found a radiant altar of Vehumet.
 10429 | D:9      | Found an iron altar of Okawaru.
 10441 | D:9      | Found a glowing silver altar of Zin.
 10494 | D:9      | Noticed a merfolk
 10499 | D:9      | Killed a merfolk
 11071 | D:9      | Slain by an ogre
 11072 | D:9      | Reached XP level 8. HP: 0/33 MP: 10/12
 11087 | D:9      | Noticed Maurice
 11102 | D:9      | Killed Maurice
 11152 | D:9      | Found a staircase to the Orcish Mines.
 11191 | D:9      | HP: 1/33 [warg (10)]
 11192 | D:9      | Reached skill level 10 in Dodging
 11197 | D:9      | Mangled by a warg

Skill      XL: |  1  2  3  4  5  6  7  8  9 |
---------------+----------------------------+-----
Fighting       | 1 2 |  2.0
Unarmed Combat | 2 4 5 7 10 12 | 12.0
Hexes          | 6 |  6.0
Stealth        | 5 6 7 |  7.3
Dodging        | 10 9 | 10.0
Spellcasting   | |  2.0

Action                   |  1- 3 |  4- 6 |  7- 9 | 10-12 || total
-------------------------+-------+-------+-------+-------++-------
Melee: Unarmed           |   107 |    93 |   325 |     3 ||   528
       Bite              |     9 |     5 |    29 |       ||    43
       Punch             |     2 |     1 |     7 |       ||    10
 Cast: Corona            |     7 |       |       |       ||     7
       Ensorcelled Hiber |    12 |    14 |    65 |     2 ||    93
       Confuse           |     6 |     7 |    36 |     1 ||    50
       Dazzling Spray    |       |       |     1 |       ||     1
Evoke: Wand              |       |       |     3 |     1 ||     4
       Deck              |       |       |    12 |       ||    12
  Use: Scroll            |       |     2 |     4 |       ||     6
       Potion            |       |       |     1 |       ||     1
 Stab: Sleeping          |    18 |    22 |    50 |       ||    90
       Confused          |     2 |     4 |    11 |       ||    17
       Distracted        |       |       |     2 |       ||     2
  Eat: Chunk             |     7 |     5 |    28 |       ||    40
Armor: Skin              |    17 |     3 |    11 |       ||    31
Dodge: Dodged            |    95 |    57 |   233 |     3 ||   388
